 Dungeon Crawl Stone Soup version 0.29-a0-297-g7659ce593d (webtiles) character file.

Game seed: 4370323007730131174

835 kae the Firebug (level 7, 0/41 HPs)
             Began as a Tengu Fire Elementalist on Mar 20, 2022.
             Slain by a scorpion (7 damage)
             ... on level 6 of the Dungeon.
             The game lasted 00:05:00 (7492 turns).

kae the Firebug (Tengu Fire Elementalist)           Turns: 7492, Time: 00:05:01

Health: 0/41       AC:  4    Str:  8    XL:     7   Next: 99%
Magic:  0/14       EV: 14    Int: 17    God:
Gold:   310        SH:  0    Dex: 15    Spells: 5/14 levels left

rFire   . . .      SeeInvis .   (no weapon)
rCold   . . .      Faith    .   (no shield)
rNeg    . . .      Spirit   .   a - +1 robe
rPois   .          Reflect  .   (helmet restricted)
rElec   .          Harm     .   p - +0 cloak
rCorr   .          Rampage  .   (no gloves)
Will    .....                   (boots unavailable)
Stlth   ++........              (no amulet)
HPRegen 0.13/turn               (no ring)
MPRegen 0.14/turn               (no ring)

@: lethally poisoned (0 -> -6), flying quickly and evasively, quick
A: beak, talons 3, nimble flight
a: no special abilities


You were on level 6 of the Dungeon.
You visited 1 branch of the dungeon, and saw 6 of its levels.
You also visited: Sewer.

You collected 310 gold pieces.

Inventory:

Missiles
 e - a throwing net
Armour
 a - a +1 robe (worn)
 p - a +0 cloak (worn)
Jewellery
 f - a ring of see invisible
Scrolls
 c - 2 scrolls of enchant armour
 i - 4 scrolls of identify
 j - a scroll of blinking
 n - a scroll of fear
 o - a scroll of magic mapping
Potions
 b - a potion of magic
 d - a potion of haste
 g - a potion of resistance
 h - 2 potions of curing
 k - a potion of cancellation
 l - 2 potions of flight


   Skills:
 + Level 3.6 Fighting
 - Level 2.1 Dodging
 - Level 2.0 Stealth
 + Level 4.0 Spellcasting
 + Level 5.0 Conjurations
 * Level 6.9 Fire Magic


You had 5 spell levels left.
You knew the following spells:

 Your Spells              Type           Power      Damage    Failure   Level
a - Foxfire               Conj/Fire      92%        2x1d8     1%          1
b - Scorch                Fire           52%        2d7       1%          2
c - Conjure Flame         Conj/Fire      23%        6-21      4%          3
d - Inner Flame           Hex/Fire       15%        N/A       12%         3

Your spell library contained the following spells:

 Spells                   Type           Power      Damage    Failure   Level
 Shock                    Conj/Air       48%        1d6       5%          1
 Flame Wave               Conj/Fire      23%        2d7       14%         4
 Animate Skeleton         Necr           6%         N/A       16%         1
 Apportation              Tloc           6%         N/A       16%         1
 Beastly Appendage        Tmut           6%         N/A       16%         1
 Pain                     Necr           12%        1d4       16%         1
 Corpse Rot               Necr/Air       6%         N/A       24%         2
 Portal Projectile        Hex/Tloc       6%         N/A       43%         3
 Summon Guardian Golem    Hex/Summ       3%         N/A       43%         3
 Vampiric Draining        Necr           3%         2d6       43%         3
 Airstrike                Air            1%         N/A       83%         4
 Alistair's Intoxication  Tmut/Pois      2%         N/A       99%         5
 Blade Hands              Tmut           1%         N/A       99%         5
 Yara's Violent Unravell  Hex/Tmut       1%         3d3       99%         5
 Iron Shot                Conj/Erth      6%         9d2       100%        6
 Necromutation            Tmut/Necr      1%         N/A       100%        8


Dungeon Overview and Level Annotations

Branches:
Dungeon (6/15)              Sewer (visited)
 Temple: D:4-7

Altars:
Cheibriados
Uskayaw

Shops:
D:6 !

Annotations:
D:2 Sigmund
D:3 2 transporters, cheburek's ghost, amateur MiCK


Innate Abilities, Weirdness & Mutations

You have a beak for a mouth.
You have claws for feet.
Your magical nature lets you fly swiftly and evasively.


Message History

Flames lash the jelly.
The jelly is heavily wounded.
The jelly's fire resistance burns away.
You feel sick. The scorpion misses you.
You feel sick.
The scorpion is no longer more vulnerable to fire.
The scorpion barely misses you. The jelly barely misses you.
There are monsters nearby!
Casting: Scorch (safe; 1% risk of failure)
Confirm with . or Enter, or press ? or * to list all spells.
Flames lash the scorpion.
The scorpion is severely wounded.
The scorpion's fire resistance burns away.
You feel sick. The scorpion barely misses you. The jelly barely misses you.
The scorpion completely misses you.
You feel sick. The jelly hits you.
You are splashed with acid!
The scorpion stings you.
Casting: Scorch (safe; 1% risk of failure)
Confirm with . or Enter, or press ? or * to list all spells.
Flames lash the jelly.
The jelly is burned terribly!
You kill the jelly!
You feel sick.
The scorpion is no longer more vulnerable to fire.
The scorpion stings you.
You are more poisoned.
The scorpion poisons you!
Your Spellcasting skill increases to level 4!
* * * LOW HITPOINT WARNING * * *
You feel very sick. The scorpion barely misses you.
Casting: Scorch (safe; 1% risk of failure)
Confirm with . or Enter, or press ? or * to list all spells.
Flames lash the scorpion.
The scorpion is almost dead.
The scorpion's fire resistance burns away.
* * * LOW HITPOINT WARNING * * *
You feel sick.
The scorpion stings you but does no damage.
* * * LOW HITPOINT WARNING * * *
You feel sick. The scorpion stings you!
You die...

.## ..#♣# #...# ..
##.♣∩♣ ...####....
...........♣
.........s.#
...........@.#
............##
............#
..........#
#........###
##..##....###
#..#.......#. .
#.....#......#
...##.............


You could see a scorpion (combustible).

Vanquished Creatures
  Eustachio (D:5)
  A black bear (D:5)
  An ice beast (D:5)
  2 ogres
  A bullfrog (Sewer)
  A jelly (D:6)
  A hound (D:5)
  Crazy Yiuf (D:5)
  A mummy (D:5)
  8 adders
  3 worms
  3 dart slugs
  2 orcs (D:5)
  12 ball pythons
  9 endoplasms
  9 giant cockroaches
  7 goblins
  6 hobgoblins
  6 jackals
  5 kobolds
  9 quokkas
  5 bats
  7 frilled lizards
  4 rats
105 creatures vanquished.

Vanquished Creatures (others)
  335 foxfires
  2 fungi (D:5)
337 creatures vanquished.

Grand Total: 442 creatures vanquished

Notes
Turn   | Place    | Note
-------+----------+-------------------------------------------
     0 | D:1      | kae the Tengu Fire Elementalist began the quest for the
                  | Orb.
     0 | D:1      | Reached XP level 1. HP: 10/10 MP: 4/4
    95 | D:1      | Got the Disquisition on Weightlessness
   300 | D:1      | Reached XP level 2. HP: 16/16 MP: 4/6
  1084 | D:2      | Noticed Sigmund
  1213 | D:2      | Reached XP level 3. HP: 17/20 MP: 2/7
  1268 | D:2      | Reached skill level 1 in Fighting
  1289 | D:2      | Reached skill level 4 in Fire Magic
  1975 | D:2      | Got the Volume of the Rocks and Moulding
  1988 | D:2      | Learned a level 2 spell: Scorch
  1992 | D:2      | Learned a level 3 spell: Conjure Flame
  2035 | D:2      | Reached XP level 4. HP: 17/25 MP: 1/8
  3221 | D:3      | Found a transporter.
  3679 | D:3      | Noticed cheburek's ghost (amateur MiCK)
  3719 | D:3      | Found a transporter.
  3939 | D:3      | Gained mutation: Your magical nature lets you fly swiftly
                  | and evasively. [Tengu growth]
  3939 | D:3      | Reached XP level 5. HP: 20/30 MP: 3/10
  4407 | D:4      | Found a glowing drain.
  4418 | Sewer    | Entered a sewer
  4973 | Sewer    | Learned a level 3 spell: Inner Flame
  4996 | Sewer    | Reached skill level 5 in Fire Magic
  5387 | D:4      | Reached XP level 6. HP: 35/35 MP: 9/11
  6032 | D:5      | Entered Level 5 of the Dungeon
  6032 | D:5      | Noticed an ice beast
  6039 | D:5      | Killed an ice beast
  6283 | D:5      | Noticed Eustachio
  6292 | D:5      | Noticed a black bear
  6301 | D:5      | Killed a black bear
  6302 | D:5      | Reached skill level 6 in Fire Magic
  6302 | D:5      | Reached XP level 7. HP: 41/41 MP: 7/13
  6655 | D:5      | Found a hide-covered altar of Uskayaw.
  6848 | D:5      | Got Sif Muna's Disquisition on Stolen Souls and Execration
  6908 | D:5      | Found a snail-covered altar of Cheibriados.
  6981 | D:5      | Found a runed translucent door.
  6982 | D:5      | Noticed Crazy Yiuf
  7214 | D:5      | Killed Eustachio
  7331 | D:5      | Killed Crazy Yiuf
  7332 | D:5      | Reached skill level 5 in Conjurations
  7469 | D:6      | Found Pyveery's Distillery.
  7492 | D:6      | Slain by a scorpion

Illustrated notes

Levels and vault maps discovered:
D:1:      dpeg_arrival_houses_and_road, layout_basic, minmay_tree_intersection
D:2:      minmay_inner_zag, layout_loops_ring, corexii_hall_statues_u,
          uniq_sigmund
D:3:      layout_loops_corners, gammafunk_ghost_arena,
          minmay_misc_feat_nine_boxes
D:4:      layout_basic, cheibrodos_sewer_entry_bend, minivault_5,
          minmay_fountain_box, minmay_misc_feat_room, minivault_14,
          kennysheep_generic_room_2
D:5:      layout_basic, slow_altar_2, nicolae_uskayaw_suspiria,
          corexii_checkpoint_a, chequers_serial_rivers_large_a,
          uniq_crazy_yiuf_cottage, uniq_eustachio
D:6:      layout_layer_cave, mainiacjoe_overflow_catwalk_spiral,
          minmay_temple_entry_sparse_star, serial_shops,
          nicolae_shop_hallway_stairs, nicolae_shop_trees, nicolae_shop_trees,
          nicolae_shop_waterfront, shop, uniq_blork_the_orc

Skill      XL: |  1  2  3  4  5  6  7 |
---------------+----------------------+-----
Conjurations   | 2 3 4 5 |  5.0
Fighting       | 1 2 3 |  3.6
Fire Magic     | 4 5 6 |  6.9
Spellcasting   | 3 4 |  4.0
Dodging        | |  2.1
Stealth        | |  2.0

Action                   |  1- 3 |  4- 6 |  7- 9 || total
-------------------------+-------+-------+-------++-------
Melee: Unarmed           |    17 |     4 |     1 ||    22
       Kick              |     2 |     1 |     1 ||     4
       Peck              |     2 |       |     1 ||     3
 Cast: Foxfire           |    79 |   110 |    24 ||   213
       Scorch            |     1 |    28 |    19 ||    48
       Conjure Flame     |       |       |     1 ||     1
  Use: Scroll            |     7 |     6 |     5 ||    18
       Potion            |     2 |       |       ||     2
Armor: Robe              |    12 |     2 |     8 ||    22
Dodge: Dodged            |    32 |    16 |    26 ||    74

Table legend: (Time is in decaauts)
 A = Elapsed time spent in this place.
 B = Non-inter-level travel time spent in this place.
 C = Inter-level travel time spent in this place.
 D = Time resting spent in this place.
 E = Time spent auto-exploring this place.
 F = Levels seen in this place.
 G = Mean time per level.
                   A        B        C        D        E       F      G
               +--------+--------+--------+--------+--------+-----+--------+
         Total |   7319 |   7140 |    179 |    524 |   5619 |   7 | 1045.6 |
       Dungeon |   6687 |   6508 |    179 |    469 |   5205 |   6 | 1114.5 |
         Sewer |    632 |    632 |      0 |     55 |    414 |   1 |  632.0 |
               +--------+--------+--------+--------+--------+-----+--------+

Top non-repeatable levels by time:
     D:2: 2021 daAuts
     D:3: 1365 daAuts
     D:4: 1296 daAuts
     D:5: 1100 daAuts
     D:1: 871 daAuts
   Sewer: 632 daAuts
     D:6: 32 daAuts
